AoeStats
← rpgjenkins

Four Lakes

509727172Analyzed
1v1 RM · 4d ago on Sep 27, 2026· 54m 50s· 2 players
Game mode
Random Map
Map size
Tiny (2 player)
Population
200
Speed
Normal
Resources
Standard
Victory
Conquest
Starting age
Dark Age
Ending age
Imperial Age
RankedLock teamsTeams togetherTeam positionsShared explorationLock speedFull tech treeHidden civsTurbo modeCheats
Victory
Defeat
🇺🇸 Byzantines · United States
838
+17
🇨🇦 Ethiopians · Canada
865
-17
FlyingOmoplata
2:44 Loom
12:08 Feudal Age
12:11 Man-at-Arms
12:46 Double-Bit Axe
13:04 Arson
14:01 Wheelbarrow
13:53 Fishing Lines
18:07 Scale Mail Armor
19:08 Forging
23:58 Castle Age
24:39 Squires
24:28 Gambesons
25:00 Chain Mail Armor
24:21 Long Swordsman
25:04 Gillnets
26:58 Iron Casting
26:13 Fletching
31:43 Hand Cart
36:26 Husbandry
37:15 Scale Barding Armor
37:06 Bodkin Arrow
38:16 Gold Mining
38:16 Stone Mining
38:41 Bow Saw
38:18 Horse Collar
38:41 Murder Holes
40:27 Chain Barding Armor
41:17 Gold Shaft Mining
41:17 Stone Shaft Mining
44:31 Imperial Age
44:07 Fervor
44:02 Devotion
45:25 Logistica
46:19 Plate Barding Armor
46:08 Conscription
46:05 Heavy Plow
46:28 Elite Cataphract
47:53 Bracer
47:42 Two-Handed Swordsman
47:43 Pikeman
50:07 Champion
rpgjenkins
10:36 Feudal Age
11:12 Double-Bit Axe
11:26 Fishing Lines
19:03 Castle Age
20:38 Gillnets
20:51 Gillnets
22:57 Loom
25:07 Fletching
26:46 Scale Mail Armor
26:56 Forging
28:27 Chain Mail Armor
29:25 Iron Casting
30:04 Arson
33:49 Squires
39:19 Imperial Age
39:28 Wheelbarrow
39:48 Royal Heirs
40:33 Conscription
39:55 Elite Shotel Warrior
41:21 Plate Mail Armor
41:52 Blast Furnace
41:19 Capped Ram
43:49 Bodkin Arrow
45:17 Hand Cart
46:53 Halberdier
47:48 Bow Saw
48:19 Padded Archer Armor
48:20 Bracer
50:13 Two-Man Saw
50:50 Crossbowman
51:36 Thumb Ring
51:58 Arbalester
Connection lost

Rejoining the realm…

Still unreachable

The connection could not be restored.

Session expired

The server has moved on; the page needs a fresh start.